[ AOE2 MATCH · #504791113 ]
UnrankedVikings vs Vikings
Player's team · WIN
Rival team · LOSS
[ REPLAY ANALYSIS · EXTRACTED FROM THE RECORDED GAME ]
Feudal
16:14
Castle
20:21
Imperial
32:38
| APM avg | 52.4 |
| APM peak | 107 |
| eAPM avg | 31.6 |
| Villagers / military | 172 / 451 |
Focus
⚔️ 40.1% · 🌾 59.9%
Archer ×212 · Skirmisher ×155 · Berserk ×73 · Trebuchet (Packed) ×10 · Monk ×1
Feudal
17:51
Castle
21:22
Imperial
34:37
| APM avg | 33.4 |
| APM peak | 81 |
| eAPM avg | 19.4 |
| Villagers / military | 149 / 275 |
Focus
⚔️ 27.9% · 🌾 72.1%
Archer ×141 · Berserk ×101 · Mangonel ×19 · Trebuchet (Packed) ×9 · Battering Ram ×4 · Monk ×1
Match map
Initial resources + every placement click. Lines = walls · curves = elevation contours. ◆ gold · ⬟ stone · ● berries · ✦ relic · ◌ wall gap
Your base· ✓ Closed at 20:21 · 27t walls · no gate
THEMADBANANAMAN's base· ✓ Closed at 21:22 · 20t walls · no gate
Smoothed initial terrain · ◌ = detected wall gap · hover for details
Inputs per minute
— Alec0nk - - THEMADBANANAMAN
Build order — Alec0nk
First 150 of 714 actions detected
| 0:00 | Queue | Villager (Male) |
| 0:02 | Build | House |
| 0:03 | Build | House |
| 0:03 | Queue | Villager (Male) |
| 0:13 | Queue | Villager (Male) |
| 0:13 | Queue | Villager (Male) |
| 0:31 | Research | Loom |
| 0:31 | Queue | Villager (Male) |
| 0:31 | Queue | Villager (Male) |
| 0:32 | Queue | Villager (Male) |
| 0:43 | Build | Palisade Wall |
| 2:09 | Queue | Villager (Male) |
| 2:39 | Build | Palisade Wall |
| 2:42 | Queue | Villager (Male) |
| 3:08 | Build | Palisade Wall |
| 4:14 | Queue | Villager (Male) |
| 4:43 | Queue | Villager (Male) |
| 4:59 | Build | Palisade Wall |
| 5:03 | Build | Palisade Wall |
| 5:13 | Queue | Villager (Male) |
| 5:54 | Build | Palisade Wall |
| 5:57 | Build | House |
| 6:03 | Queue | Villager (Male) |
| 6:29 | Queue | Villager (Male) |
| 6:34 | Build | Palisade Wall |
| 6:40 | Build | House |
| 6:48 | Build | Palisade Wall |
| 6:56 | Build | House |
| 7:03 | Queue | Villager (Male) |
| 7:23 | Build | Lumber Camp |
| 7:28 | Queue | Villager (Male) |
| 7:28 | Queue | Villager (Male) |
| 7:45 | Build | House |
| 8:07 | Build | Palisade Wall |
| 8:14 | Queue | Villager (Male) |
| 8:27 | Queue | Villager (Male) |
| 8:27 | Queue | Villager (Male) |
| 8:27 | Queue | Villager (Male) |
| 8:43 | Build | Outpost |
| 9:04 | Build | Outpost |
| 9:08 | Queue | Villager (Male) |
| 9:28 | Queue | Villager (Male) |
| 9:30 | Build | Outpost |
| 9:31 | Queue | Villager (Male) |
| 9:56 | Build | House |
| 10:04 | Build | Outpost |
| 10:29 | Build | Outpost |
| 10:36 | Queue | Villager (Male) |
| 10:49 | Queue | Villager (Male) |
| 10:55 | Queue | Villager (Male) |
| 10:58 | Queue | Villager (Male) |
| 11:02 | Build | Outpost |
| 11:06 | Queue | Villager (Male) |
| 11:11 | Queue | Villager (Male) |
| 11:17 | Build | Outpost |
| 11:18 | Queue | Villager (Male) |
| 11:42 | Queue | Villager (Male) |
| 11:45 | Build | House |
| 11:47 | Queue | Villager (Male) |
| 11:57 | Queue | Villager (Male) |
| 12:13 | Queue | Villager (Male) |
| 12:42 | Build | Mill |
| 12:57 | Build | Outpost |
| 13:13 | Build | Outpost |
| 13:14 | Queue | Villager (Male) |
| 13:16 | Build | House |
| 14:00 | Research | Feudal Age |
| 14:01 | Build | Mining Camp |
| 14:28 | Build | Mill |
| 14:54 | Build | House |
| 15:04 | Queue | Villager (Male) |
| 15:04 | Queue | Villager (Male) |
| 15:38 | Build | Outpost |
| 15:40 | Build | Outpost |
| 16:02 | Build | Farm |
| 16:14 | Age | Feudal Age |
| 16:16 | Build | Blacksmith |
| 16:31 | Build | Market |
| 16:35 | Queue | Villager (Male) |
| 16:42 | Research | Town Watch |
| 16:42 | Queue | Villager (Male) |
| 16:58 | Build | Farm |
| 17:41 | Research | Castle Age |
| 17:47 | Build | Outpost |
| 17:50 | Build | Outpost |
| 18:19 | Build | House |
| 18:33 | Research | Double-Bit Axe |
| 18:38 | Build | Stone Wall |
| 18:46 | Build | Outpost |
| 19:01 | Build | Farm |
| 19:07 | Build | Mining Camp |
| 19:11 | Queue | Villager (Male) |
| 19:40 | Research | Horse Collar |
| 19:45 | Research | Gold Mining |
| 20:21 | Age | Castle Age |
| 20:28 | Build | Town Center |
| 20:43 | Queue | Villager (Male) |
| 21:00 | Research | Bow Saw |
| 21:02 | Queue | Villager (Male) |
| 21:27 | Build | Outpost |
| 21:32 | Queue | Villager (Male) |
| 21:34 | Queue | Villager (Male) |
| 21:41 | Queue | Villager (Male) |
| 21:45 | Build | Farm |
| 21:50 | Queue | Villager (Male) |
| 22:11 | Build | Barracks |
| 22:17 | Queue | Villager (Male) |
| 22:18 | Queue | Villager (Male) |
| 22:22 | Build | Farm |
| 22:25 | Build | Farm |
| 22:26 | Queue | Villager (Male) |
| 22:41 | Queue | Villager (Male) |
| 22:52 | Queue | Villager (Male) |
| 23:00 | Build | Town Center |
| 23:04 | Build | Town Center |
| 23:12 | Queue | Villager (Male) |
| 23:19 | Build | Farm |
| 23:21 | Build | Farm |
| 23:23 | Queue | Villager (Male) |
| 23:38 | Queue | Villager (Male) |
| 23:43 | Build | Farm |
| 23:46 | Build | Farm |
| 23:54 | Queue | Villager (Male) |
| 23:54 | Queue | Villager (Male) |
| 23:57 | Build | Farm |
| 24:02 | Build | Farm |
| 24:03 | Queue | Villager (Male) |
| 24:09 | Queue | Villager (Male) |
| 24:14 | Build | Farm |
| 24:19 | Build | Farm |
| 24:23 | Build | Farm |
| 24:33 | Queue | Villager (Male) |
| 24:34 | Queue | Villager (Male) |
| 24:44 | Queue | Villager (Male) |
| 24:44 | Queue | Villager (Male) |
| 24:47 | Queue | Villager (Male) |
| 24:58 | Build | Town Center |
| 25:00 | Queue | Villager (Male) |
| 25:00 | Queue | Villager (Male) |
| 25:03 | Build | Farm |
| 25:04 | Queue | Villager (Male) |
| 25:17 | Queue | Villager (Male) |
| 25:20 | Queue | Villager (Male) |
| 25:22 | Build | Farm |
| 25:23 | Build | Farm |
| 25:23 | Build | Farm |
| 25:23 | Build | Farm |
| 25:23 | Build | Farm |
| 25:28 | Build | House |
| 25:32 | Build | House |
Build order — THEMADBANANAMAN
First 150 of 508 actions detected
| 0:01 | Queue | Villager (Male) |
| 0:02 | Build | House |
| 0:05 | Build | House |
| 0:06 | Queue | Villager (Male) |
| 0:11 | Queue | Villager (Male) |
| 0:13 | Queue | Villager (Male) |
| 0:54 | Research | Loom |
| 1:00 | Queue | Villager (Male) |
| 1:40 | Queue | Villager (Male) |
| 2:27 | Build | Palisade Wall |
| 2:48 | Queue | Villager (Male) |
| 3:38 | Build | House |
| 3:40 | Build | Palisade Wall |
| 4:05 | Queue | Villager (Male) |
| 4:50 | Queue | Villager (Male) |
| 5:22 | Build | Palisade Wall |
| 5:28 | Build | Palisade Wall |
| 5:31 | Build | Palisade Wall |
| 5:32 | Build | Palisade Wall |
| 5:34 | Build | Palisade Wall |
| 5:40 | Queue | Villager (Male) |
| 5:49 | Queue | Villager (Male) |
| 6:02 | Build | Palisade Wall |
| 6:05 | Build | Palisade Wall |
| 6:06 | Build | Palisade Wall |
| 6:08 | Build | Palisade Wall |
| 6:15 | Queue | Villager (Male) |
| 7:10 | Queue | Villager (Male) |
| 7:38 | Queue | Villager (Male) |
| 7:46 | Build | House |
| 7:47 | Build | House |
| 7:49 | Queue | Villager (Male) |
| 8:09 | Build | Lumber Camp |
| 8:16 | Queue | Villager (Male) |
| 8:33 | Queue | Villager (Male) |
| 8:51 | Build | House |
| 9:05 | Queue | Villager (Male) |
| 9:19 | Queue | Villager (Male) |
| 9:36 | Build | Palisade Wall |
| 9:51 | Build | Palisade Wall |
| 10:00 | Build | Palisade Wall |
| 10:03 | Build | Palisade Wall |
| 10:13 | Build | House |
| 10:16 | Queue | Villager (Male) |
| 10:18 | Queue | Villager (Male) |
| 10:25 | Queue | Villager (Male) |
| 10:44 | Queue | Villager (Male) |
| 11:07 | Queue | Villager (Male) |
| 11:26 | Queue | Villager (Male) |
| 11:38 | Queue | Villager (Male) |
| 11:55 | Queue | Villager (Male) |
| 12:02 | Build | Mill |
| 12:25 | Build | Palisade Wall |
| 12:54 | Build | Mill |
| 12:58 | Queue | Villager (Male) |
| 13:31 | Queue | Villager (Male) |
| 13:33 | Queue | Villager (Male) |
| 13:57 | Queue | Villager (Male) |
| 14:00 | Queue | Villager (Male) |
| 14:41 | Research | Feudal Age |
| 14:57 | Build | House |
| 14:58 | Build | House |
| 15:22 | Build | Mining Camp |
| 16:52 | Build | Farm |
| 16:52 | Build | Farm |
| 16:52 | Build | Farm |
| 16:53 | Build | Farm |
| 17:51 | Age | Feudal Age |
| 17:52 | Queue | Villager (Male) |
| 17:56 | Build | Market |
| 18:00 | Build | Blacksmith |
| 18:04 | Research | Double-Bit Axe |
| 18:11 | Research | Horse Collar |
| 18:15 | Queue | Villager (Male) |
| 18:21 | Build | Farm |
| 18:39 | Research | Castle Age |
| 18:50 | Build | House |
| 18:51 | Build | House |
| 19:00 | Build | Mining Camp |
| 19:03 | Queue | Villager (Male) |
| 21:00 | Queue | Villager (Male) |
| 21:22 | Age | Castle Age |
| 21:28 | Build | Town Center |
| 21:33 | Build | Town Center |
| 21:57 | Research | Fletching |
| 22:03 | Build | Farm |
| 22:05 | Queue | Villager (Male) |
| 22:15 | Queue | Villager (Male) |
| 22:28 | Build | Town Center |
| 22:31 | Queue | Villager (Male) |
| 22:31 | Queue | Villager (Male) |
| 22:34 | Queue | Villager (Male) |
| 22:35 | Queue | Villager (Male) |
| 22:35 | Queue | Villager (Male) |
| 22:39 | Queue | Villager (Male) |
| 22:39 | Queue | Villager (Male) |
| 22:40 | Queue | Villager (Male) |
| 22:43 | Queue | Villager (Male) |
| 22:46 | Build | Farm |
| 22:49 | Build | Farm |
| 22:58 | Queue | Villager (Male) |
| 22:58 | Queue | Villager (Male) |
| 22:58 | Queue | Villager (Male) |
| 23:06 | Build | Farm |
| 23:17 | Build | House |
| 23:19 | Build | House |
| 23:25 | Queue | Villager (Male) |
| 23:28 | Queue | Villager (Male) |
| 23:28 | Queue | Villager (Male) |
| 23:30 | Queue | Villager (Male) |
| 23:35 | Build | Farm |
| 23:36 | Build | Farm |
| 23:36 | Build | Farm |
| 23:36 | Build | Farm |
| 23:36 | Build | Farm |
| 23:36 | Build | Farm |
| 23:45 | Queue | Villager (Male) |
| 23:50 | Build | Farm |
| 24:00 | Build | Farm |
| 24:07 | Queue | Villager (Male) |
| 24:16 | Build | Farm |
| 24:21 | Queue | Villager (Male) |
| 24:22 | Queue | Villager (Male) |
| 24:23 | Queue | Villager (Male) |
| 24:27 | Build | Farm |
| 24:29 | Build | Farm |
| 24:51 | Queue | Villager (Male) |
| 24:55 | Build | Farm |
| 24:55 | Build | Farm |
| 24:55 | Build | Farm |
| 24:55 | Build | Farm |
| 24:55 | Build | Farm |
| 25:01 | Queue | Villager (Male) |
| 25:02 | Queue | Villager (Male) |
| 25:02 | Queue | Villager (Male) |
| 25:09 | Queue | Villager (Male) |
| 25:10 | Queue | Villager (Male) |
| 25:16 | Build | Farm |
| 25:16 | Build | Farm |
| 25:16 | Build | Farm |
| 25:17 | Build | Farm |
| 25:17 | Build | Farm |
| 25:21 | Queue | Villager (Male) |
| 25:28 | Build | Farm |
| 25:28 | Build | Farm |
| 25:28 | Build | Farm |
| 25:28 | Build | Farm |
| 25:31 | Queue | Villager (Male) |
| 25:40 | Build | Farm |
| 25:44 | Build | Farm |
Match timeline
| 0:43 | Alec0nk · wall_segment Palisade Wall x7 |
| 2:27 | THEMADBANANAMAN · wall_segment Palisade Wall x5 |
| 2:39 | Alec0nk · wall_segment Palisade Wall x1 |
| 3:08 | Alec0nk · wall_segment Palisade Wall x1 |
| 3:40 | THEMADBANANAMAN · wall_segment Palisade Wall x1 |
| 4:59 | Alec0nk · wall_segment Palisade Wall x1 |
| 5:03 | Alec0nk · wall_segment Palisade Wall x6 |
| 5:22 | THEMADBANANAMAN · wall_segment Palisade Wall x1 |
| 5:28 | THEMADBANANAMAN · wall_segment Palisade Wall x1 |
| 5:31 | THEMADBANANAMAN · wall_segment Palisade Wall x1 |
| 5:32 | THEMADBANANAMAN · wall_segment Palisade Wall x1 |
| 5:34 | THEMADBANANAMAN · wall_segment Palisade Wall x1 |
| 5:54 | Alec0nk · wall_segment Palisade Wall x1 |
| 6:02 | THEMADBANANAMAN · wall_segment Palisade Wall x1 |
| 6:05 | THEMADBANANAMAN · wall_segment Palisade Wall x1 |
| 6:06 | THEMADBANANAMAN · wall_segment Palisade Wall x1 |
| 6:08 | THEMADBANANAMAN · wall_segment Palisade Wall x1 |
| 6:34 | Alec0nk · wall_segment Palisade Wall x1 |
| 6:48 | Alec0nk · wall_segment Palisade Wall x1 |
| 8:07 | Alec0nk · wall_segment Palisade Wall x1 |
| 9:36 | THEMADBANANAMAN · wall_segment Palisade Wall x1 |
| 9:51 | THEMADBANANAMAN · wall_segment Palisade Wall x1 |
| 10:00 | THEMADBANANAMAN · wall_segment Palisade Wall x1 |
| 10:03 | THEMADBANANAMAN · wall_segment Palisade Wall x1 |
| 12:25 | THEMADBANANAMAN · wall_segment Palisade Wall x1 |
| 16:14 | Alec0nk · age_up feudal |
| 17:51 | THEMADBANANAMAN · age_up feudal |
| 18:38 | Alec0nk · wall_segment Stone Wall x7 |
| 20:21 | Alec0nk · age_up castle |
| 21:22 | THEMADBANANAMAN · age_up castle |
| 22:11 | Alec0nk · first_building Barracks |
| 22:22 | THEMADBANANAMAN · first_market_sell 100 food |
| 22:22 | THEMADBANANAMAN · first_market_buy 100 wood |
| 23:53 | Alec0nk · first_market_buy 100 food |
| 27:14 | Alec0nk · first_building Monastery |
| 29:12 | Alec0nk · first_market_sell 100 wood |
| 29:30 | THEMADBANANAMAN · first_building Monastery |
| 30:19 | Alec0nk · first_building Archery Range |
| 31:38 | Alec0nk · first_building Castle |
| 31:48 | THEMADBANANAMAN · first_building Barracks |
| 32:34 | THEMADBANANAMAN · first_building Archery Range |
| 32:38 | Alec0nk · age_up imperial |
| 33:32 | THEMADBANANAMAN · first_building Castle |
| 34:10 | THEMADBANANAMAN · first_building Siege Workshop |
| 34:37 | THEMADBANANAMAN · age_up imperial |
| 43:54 | Alec0nk · wall_segment Stone Wall x3 |
| 43:55 | Alec0nk · wall_segment Stone Wall x3 |
| 50:17 | Alec0nk · wall_segment Stone Wall x3 |
| 57:37 | THEMADBANANAMAN · first_building Stable |
| 61:28 | THEMADBANANAMAN · resign |
[ AI ANALYSIS · 1 CREDIT ]
What really happened in this match?
Wolo.gg analyzes every decision: build order, eco, micro, common mistakes by bracket. Personalized analysis on WhatsApp or Discord in 30 seconds.
Civ guide
Vikings
Perfil
Jugador #6445127